 Dungeon Crawl Stone Soup version 0.18-a0-1748-g7377c14 (webtiles) character file.

853 Duffy the Cleaver (level 7, -3/58 HPs)
             Began as a Minotaur Skald on Apr 12, 2016.
             Was a Priest of Cheibriados.
             Slain by Joseph
             ... wielding a +2 quarterstaff of protection
              (13 damage)
             ... on level 7 of the Dungeon.
             The game lasted 00:08:59 (6763 turns).

Duffy the Cleaver (Minotaur Skald)                  Turns: 6763, Time: 00:09:00

Health: -3/58      AC: 12    Str: 24    XL:     7   Next: 70%
Magic:  4/8        EV:  8    Int: 16    God:    Cheibriados [***...]
Gold:   48         SH:  0    Dex: 15    Spells: 1 memorised, 7 levels left

rFire  . . .     SeeInvis .     h - +0 war axe
rCold  . . .     Gourm    .     y - +0 chain mail
rNeg   . . .     Faith    .     (no shield)
rPois  +         Spirit   .     (helmet restricted)
rElec  .         Dismiss  .     (no cloak)
rCorr  .         Reflect  .     (no gloves)
SustAt .         Harm     .     B - +2 pair of boots
MR     .....                    (no amulet)
Stlth  ..........               E - ring of poison resistance
                                (no ring)

@: very slow, not resistant to hostile enchantments, extremely unstealthy
A: retaliatory headbutt, horns 2
a: Bend Time, Temporal Distortion, Renounce Religion


You were on level 7 of the Dungeon.
You worshipped Cheibriados.
Cheibriados was most pleased with you.
You were hungry.

You visited 1 branch of the dungeon, and saw 7 of its levels.

You collected 335 gold pieces.
You spent 287 gold pieces at shops.


Innate Abilities, Weirdness & Mutations

You reflexively headbutt those who attack you in melee.
You have a pair of horns on your head.


   Skills:
 + Level 3.9 Fighting
 * Level 9.3 Axes
 * Level 4.3 Armour
 - Level 1.1 Dodging
 - Level 1.3 Spellcasting
 - Level 2.0 Charms


You had 7 spell levels left.
You knew the following spells:

 Your Spells              Type           Power        Failure   Level  Hunger
a - Infusion              Chrm           #...         78%         1    ##.....

Inventory:

Hand Weapons
 a - a +0 hand axe
 h - a +0 war axe (weapon)
Missiles
 p - 11 tomahawks (quivered)
Armour
 y - a +0 chain mail (worn)
 B - a +2 pair of boots (worn)
Jewellery
 E - a ring of poison resistance (right hand)
Wands
 b - a wand of slowing (24/48)
 k - a wand of polymorph (5/24)
 H - a wand of lightning (6/15)
 L - a wand of lightning (5/15)
Scrolls
 e - 2 scrolls of teleportation
 f - a scroll of enchant armour
 i - a scroll of noise {unknown}
 j - 2 scrolls of fog
 l - 2 scrolls of blinking
 m - a scroll of enchant weapon {unknown}
 q - 4 scrolls of remove curse
 r - a scroll of amnesia {unknown}
 t - a scroll of immolation {unknown}
 z - a scroll of vulnerability {unknown}
 A - a scroll of random uselessness {unknown}
 G - 2 scrolls of magic mapping
 J - a scroll of holy word {unknown}
Potions
 g - a potion of cancellation
 n - a potion of heal wounds {unknown}
 o - 3 potions of agility
 s - a potion of curing
 v - a potion of flight
 x - a potion of lignification
 F - a potion of resistance {unknown}
Books
 c - a book of Battle
 C - a book of Party Tricks
Comestibles
 d - 5 bread rations
 u - 3 meat rations
 w - a slice of pizza
 D - 5 fruits
 K - a beef jerky

Dungeon Overview and Level Annotations

Branches:
Dungeon (7/15)             Temple (0/1) D:5

Altars:
Cheibriados
Elyvilon
Nemelex Xobeh
Okawaru
Qazlal
Xom

Shops:
D:5 ?

Annotations:
D:4 braks's ghost, amateur KoHu
D:7 Joseph


Message History

You blink.
Joseph unwields an uncursed quarterstaff of protection.
Joseph wields an uncursed hunting sling.
Joseph shoots a sling bullet.
The sling bullet hits you!
You see here a sling bullet.
Joseph shoots a sling bullet.
The sling bullet hits you!
Joseph zaps a wand.
You resist with some effort.
Joseph zaps a wand.
You resist with some effort.
Joseph shoots a sling bullet.
The sling bullet completely misses you.
You see here a sling bullet.
Joseph shoots a sling bullet.
The sling bullet hits you!
Your transformation is almost over.
You blink.
Joseph shoots a sling bullet.
The sling bullet closely misses you.
You see here a sling bullet.
You blink.
Joseph zaps a wand.
You resist with some effort.
You blink.
Joseph shoots a sling bullet.
The sling bullet misses you.
Joseph shoots a sling bullet.
The sling bullet hits you!
Drink which item? (? for menu, Esc to quit)
You are stuck in your current form!
Your transformation has ended.
Your +0 war axe unmelds from your body.
Your +2 pair of boots unmelds from your body.
Your +0 chain mail unmelds from your body.
Your ring of poison resistance unmelds from your body.
Joseph shoots a sling bullet.
The sling bullet barely misses you.
Joseph shoots a sling bullet.
The sling bullet barely misses you.
You fail to use your ability.
You warp the flow of time around you!
You are feeling hungry.
Joseph unwields an uncursed hunting sling.
Joseph wields an uncursed quarterstaff of protection.
Joseph hits you with an uncursed quarterstaff of protection!
You die...

# # ### ##### ..# #...#
..# #...#
..#########...###
..##.....#.....(####
..............#@@..#####
..######.##...####...(.#
.)# #.##...# #####.# ###
#.##...# ###.##########
#..##### ##..(@.##...((#
##.# ##...........<..
#.# #..........@.... #.#
#.......(.[..... #.#
#...............


You could see Joseph.

Action                   |  1- 3 |  4- 6 |  7- 9 || total
-------------------------+-------+-------+-------++-------
Melee: Hand axe          |    48 |   113 |       ||   161
       Headbutt          |     7 |    29 |     7 ||    43
       War axe           |       |    45 |    36 ||    81
Throw: Tomahawk          |     2 |       |       ||     2
Invok: Temporal Distorti |       |       |     1 ||     1
  Use: Scroll            |       |    12 |     1 ||    13
  Eat: Chunk             |     1 |     7 |     2 ||    10
       Beef jerky        |       |     1 |       ||     1
Armor: Leather armour    |    10 |     2 |       ||    12
       Ring mail         |       |    22 |       ||    22
       Chain mail        |       |    78 |    22 ||   100
Dodge: Dodged            |    33 |    72 |    26 ||   131

Notes
Turn   | Place    | Note
--------------------------------------------------------------
     0 | D:1      | Duffy the Minotaur Skald began the quest for the Orb.
     0 | D:1      | Reached XP level 1. HP: 18/18 MP: 1/1
   103 | D:1      | Reached skill level 3 in Axes
   165 | D:1      | Reached XP level 2. HP: 24/25 MP: 3/3
   466 | D:1      | Reached skill level 4 in Axes
   958 | D:2      | Found a snail-covered altar of Cheibriados.
   983 | D:2      | Reached XP level 3. HP: 30/30 MP: 4/4
  1618 | D:1      | Reached skill level 5 in Axes
  1833 | D:2      | Became a worshipper of Cheibriados the Contemplative
  1871 | D:2      | Reached XP level 4. HP: 32/37 MP: 5/5
  2309 | D:3      | Found a shimmering altar of Xom.
  2330 | D:3      | Noticed an air elemental
  2331 | D:3      | Found a stormy altar of Qazlal.
  2334 | D:3      | Noticed a fire elemental
  2334 | D:3      | Noticed an earth elemental
  2334 | D:3      | Noticed a water elemental
  2748 | D:3      | Reached skill level 6 in Axes
  2803 | D:3      | Reached * piety under Cheibriados
  3017 | D:3      | Reached XP level 5. HP: 40/42 MP: 6/6
  3595 | D:4      | Found a white marble altar of Elyvilon.
  3686 | D:4      | Reached skill level 7 in Axes
  3933 | D:4      | Noticed braks's ghost (amateur KoHu)
  4325 | D:5      | Entered Level 5 of the Dungeon
  4367 | D:5      | Reached ** piety under Cheibriados
  4429 | D:5      | Found Denuesupn's Magic Scroll Shop.
  4437 | D:5      | Bought a scroll of blinking for 105 gold pieces
  4437 | D:5      | Bought a scroll of identify for 28 gold pieces
  4437 | D:5      | Bought a scroll of identify for 28 gold pieces
  4437 | D:5      | Bought a scroll of fog for 28 gold pieces
  4504 | D:5      | Noticed a centaur
  4512 | D:5      | Killed a centaur
  4512 | D:5      | Reached XP level 6. HP: 20/50 MP: 7/7
  4703 | D:5      | Found a staircase to the Ecumenical Temple.
  4713 | D:5      | Reached skill level 8 in Axes
  4875 | D:5      | Noticed a sky beast
  4889 | D:5      | Killed a sky beast
  4889 | D:5      | Reached skill level 2 in Armour
  5253 | D:5      | Bought 2 scrolls of magic mapping for 98 gold pieces
  5339 | D:6      | Reached skill level 3 in Fighting
  5339 | D:6      | Reached XP level 7. HP: 47/57 MP: 8/8
  5340 | D:6      | Reached skill level 3 in Armour
  5397 | D:6      | Found a sparkling altar of Nemelex Xobeh.
  5473 | D:6      | Noticed Menkaure
  5480 | D:6      | Killed Menkaure
  5623 | D:6      | Reached skill level 9 in Axes
  5623 | D:6      | Reached skill level 4 in Armour
  6077 | D:6      | Reached *** piety under Cheibriados
  6217 | D:7      | Found an iron altar of Okawaru.
  6314 | D:7      | Noticed Joseph
  6763 | D:7      | Slain by Joseph

Vault maps used:
D:1:      zelgadis_glass_arrival_small
D:2:      cheibriados_altar_1
D:3:      nicolae_qazlal_style_of_elements, old_standard_altar,
          portal_sewer_entry_d
D:4:      kennysheep_ying_yang, kennysheep_mini, first_bread,
          minmay_misc_feat_encased
D:5:      minmay_temple_entry_junction, serial_shops, shop
D:6:      marbit_many_paths, uniq_menkaure
D:7:      kennysheep_spiral_hall, okawaru_gym_becter, uniq_prince_ribbit1,
          uniq_joseph

Vanquished Creatures
  Menkaure
  A sky beast
  A black bear
  A centaur
  2 crimson imps
  A giant frog skeleton
  An orc priest
  An orc wizard
  4 worker ants
  A hound skeleton
  A worker ant zombie
  3 gnolls
  6 adders
  2 shadow imps
  An adder skeleton
  3 worms
  2 dart slugs
  2 giant geckos
  10 orcs
  A ball python
  9 bats
  4 giant cockroaches
  11 goblins
  5 hobgoblins
  5 jackals
  4 kobolds
  2 quokkas
  5 giant newts
  4 rats
94 creatures vanquished.
